 Dungeon Crawl Stone Soup version 0.29.1-12-g30fa7ad0bf (webtiles) character file.

Game seed: 3911571631505008410

70 wormed the Ruffian (level 4, 0/42 HPs)
             Began as a Troll Gladiator on Dec 25, 2022.
             Slain by a worm (4 damage)
             ... on level 4 of the Dungeon.
             The game lasted 00:03:07 (2345 turns).

wormed the Ruffian (Troll Gladiator)                Turns: 2345, Time: 00:03:08

Health: 0/42       AC:  4    Str: 24    XL:     4   Next: 4%
Magic:  3/3        EV: 10    Int:  4    God:
Gold:   136        SH:  0    Dex: 11    Spells: 3/3 levels left

rFire   . . .      SeeInvis .     - Unarmed
rCold   . . .      Faith    .   (no shield)
rNeg    . . .      Spirit   .   a - +0 robe
rPois   .          Reflect  .   b - +0 hat
rElec   .          Harm     .   (no cloak)
rCorr   .          Rampage  .   (gloves unavailable)
Will    .....                   (boots unavailable)
Stlth   +.........              (no amulet)
HPRegen 0.94/turn               (no ring)
MPRegen 0.08/turn               (no ring)

@: lethally poisoned (0 -> -11)
A: large, unfitting armour, claws 3, regeneration 1, shaggy fur 1, tough skin 1
a: no special abilities


You were on level 4 of the Dungeon.
You visited 1 branch of the dungeon, and saw 4 of its levels.

You collected 136 gold pieces.

Inventory:

Missiles
 c - 3 throwing nets (quivered)
 d - a large rock
Armour
 a - a +0 robe (worn)
 b - a +0 hat (worn)
Jewellery
 r - a +6 ring of strength
Scrolls
 e - 2 scrolls of amnesia {unknown}
 f - 2 scrolls of identify {unknown}
 h - a scroll of brand weapon {unknown}
 i - a scroll of summoning {unknown}
 j - 2 scrolls of magic mapping {unknown}
 k - a scroll of vulnerability {unknown}
 o - a scroll of noise {unknown}
Potions
 l - a potion of berserk rage {unknown}
 m - a potion of degeneration {unknown}
 n - a potion of attraction {unknown}
 p - a potion of cancellation {unknown}
 q - a potion of ambrosia {unknown}


   Skills:
 + Level 2.1 Fighting
 + Level 2.2 Throwing
 + Level 2.7 Dodging
 + Level 1.1 Shields
 * Level 3.7 Unarmed Combat


You had 3 spell levels left.
You didn't know any spells.
Your spell library contained the following spells:

 Spells                   Type           Power      Damage    Failure   Level
 Borgnjor's Revivificati  Necr           0%         N/A       100%        8
 Necromutation            Tmut/Necr      0%         N/A       100%        8
 Death's Door             Necr           0%         N/A       100%        9


Dungeon Overview and Level Annotations

Branches:
Dungeon (4/15)
 Temple: D:4-7

Altars:
Elyvilon
Hepliaklqana
Vehumet


Innate Abilities, Weirdness & Mutations

You are too large for most types of armour.
You have claws for hands.
Your natural rate of healing is unusually fast.
You are covered in fur. (AC +1)
You have tough skin. (AC +1)


Message History

* * * LOW HITPOINT WARNING * * *
You feel better.
The scorpion stings you but does no damage.
You scratch the scorpion but do no damage.
The scorpion is heavily wounded.
The scorpion barely misses you. The worm barely misses you.
You closely miss the scorpion.
The scorpion is heavily wounded.
The scorpion stings you but does no damage.
The worm bites you.
* * * LOW HITPOINT WARNING * * *
You barely miss the scorpion.
The scorpion is heavily wounded.
The scorpion stings you.
* * * LOW HITPOINT WARNING * * *
The scorpion stings you!
* * * LOW HITPOINT WARNING * * *
You feel better.
The scorpion stings you but does no damage.
The worm bites you but does no damage.
You feel better. The scorpion stings you.
You are poisoned.
The scorpion poisons you!
You closely miss the scorpion.
The scorpion is heavily wounded.
You feel sick. The scorpion stings you. The worm bites you.
* * * LOW HITPOINT WARNING * * *
You scratch the scorpion but do no damage.
The scorpion is heavily wounded.
You feel sick.
The scorpion stings you but does no damage.
Press: ? - help, v - describe, . - travel The floor.
You closely miss the scorpion.
The scorpion is heavily wounded.
You feel sick. The scorpion stings you!
* * * LOW HITPOINT WARNING * * *
You are lethally poisoned!
The scorpion poisons you! The worm bites you.
You die...

#.# #.# #.# #.# #
#.####### #.
##........
..##.####..#...##
#........@w.....##
##.##<.#s......#
#...#...?..##
#.#.#.#...##
.....#....(#
....######....
####. ..... #.
.!.(.# #. .....#


You could see a worm and a scorpion.

Vanquished Creatures
  A statue (D:3)
  A worm (D:3)
  2 dart slugs
  5 orcs (D:3)
  5 ball pythons
  A bat (D:1)
  5 endoplasms
  2 giant cockroaches
  4 goblins
  A hobgoblin (D:2)
  2 jackals (D:3)
  A frilled lizard (D:3)
  2 kobolds (D:1)
  4 rats
36 creatures vanquished.

Notes
Turn   | Place    | Note
-------+----------+-------------------------------------------
     0 | D:1      | wormed the Troll Gladiator began the quest for the Orb.
     0 | D:1      | Reached XP level 1. HP: 19/19 MP: 0/0
   202 | D:1      | Reached XP level 2. HP: 28/28 MP: 1/1
  1596 | D:3      | Found a hazy altar of Hepliaklqana.
  1596 | D:3      | Found a white marble altar of Elyvilon.
  1618 | D:3      | Reached XP level 3. HP: 34/35 MP: 2/2
  1988 | D:3      | Found a radiant altar of Vehumet.
  1988 | D:3      | Noticed a frost-covered statue
  1997 | D:3      | Killed a frost-covered statue
  1998 | D:3      | Reached skill level 1 in Shields
  2243 | D:3      | Reached XP level 4. HP: 42/42 MP: 3/3
  2322 | D:4      | Noticed a scorpion
  2345 | D:4      | Slain by a worm

Illustrated notes

Levels and vault maps discovered:
D:1:      amcnicky_arrival_blooded_trapdoor, layout_basic,
          minmay_misc_feat_four_crosses, wad_floor_pattern_untrapped
D:2:      layout_loops_ring, kennysheep_flooded_box, serial_bayou_lake_a
D:3:      layout_basic, vehumet_statue, mainiacjoe_overflow_large_starburst,
          serial_co_window_serial, co_window_corner_a,
          co_window_of_opportunity_a, co_window_of_opportunity_a,
          co_window_of_opportunity_a, co_window_corner_a, co_window_paths_a,
          co_window_of_opportunity_c, co_window_broadway_c, co_window_cross_2,
          co_window_paths_d, glass_columns_c, glass_columns_a, glass_columns_c,
          glass_columns_a, minmay_misc_feat_pillars
D:4:      layout_loops_cross, chei_slow_surprise,
          minmay_temple_entry_glassed_door

Skill      XL: |  1  2  3 |
---------------+----------+-----
Throwing       | 2 |  2.2
Fighting       | 2 |  2.1
Shields        | 1 |  1.1
Dodging        | |  2.7
Unarmed Combat | |  3.7

Action                   |  1- 3 |  4- 6 || total
-------------------------+-------+-------++-------
Melee: Unarmed           |    75 |    15 ||    90
       Punch             |     1 |     1 ||     2
  Use: Potion            |       |     4 ||     4
Armor: Robe              |    20 |     6 ||    26
Dodge: Dodged            |    24 |     5 ||    29
